Celery, chaotic female orcish Barbarian ---------- -------- |........| ------ |.<....| |........| #.^%..| |......| |.........######|....| +..)...| |........| #.....|####################### ------.- ---|------ #------# -------------# ###### ############################.`........d`|# # # # |.....`...&o|# ### ### # ### |...-----)..|#########%########## #### # # |...|.)&....| ### ----.----|-.---- # ### |..`|{@{|`..| |....>.........| # # |...|.{.|...| #-..%...........| #### |...-----...| |..............| ## |.....`.....| ---------------- ---------### |`.........`. |...^....## ------------- |.......| # |.......-## --------- Celery the Bandit Experience level: 7 Strength: 18 Dexterity: 17 Constitution: 18 Intelligence: 7 Wisdom: 7 Charisma: 8 Health: 0(77) Energy: 8(8) AC: 7 Gold: 570 Moves: 3242 Your Inventory: Coins $ - 570 gold pieces Weapons a - an uncursed +0 battle-axe b - an uncursed +0 orcish short sword f - an uncursed [+0] axe i - an uncursed [+0] orcish dagger k - a blessed [+0] elven dagger r - the uncursed rustproof +0 Cleaver (alternate weapon; not wielded) x - a cursed [-1] crossbow (weapon in hand) y - a [cursed +0] crossbow bolt (in quiver) E - a [cursed -2] elven dagger Armor c - an uncursed +0 orcish ring mail (being worn) Comestibles d - 5 uncursed food rations l - 2 uncursed pancakes n - 2 uncursed lembas wafers Scrolls g - an uncursed scroll labeled HACKEM MUCHE [of taming] z - an [uncursed] scroll labeled THARR [of enchant weapon] Potions j - an uncursed amber potion [of hallucination] B - a [blessed] orange potion [of confusion] Wands t - an [uncursed] wand of light [0:10] Tools w - an [uncursed] tin whistle Gems m - an uncursed yellow gem [worthless glass] u - 2 [uncursed] white gems [opal] C - an [uncursed] violet gem [worthless glass] D - 2 [uncursed] yellowish brown gems [amber] Spells known in the end: Name Level Category Fail Memory Your skills at the end: Fighting Skills bare handed combat [Basic / Master] Weapon Skills axe [Basic / Expert] short sword [Basic / Expert] Spellcasting Skills Final Attributes: You were piously aligned. Hunger level was 241. Your alignment was 26 / 26. Monster difficulty range was 0 - 6. Level difficulty was 5. You were immune to poison. You had infravision. You were fast. Your luck was zero. You are dead. Vanquished creatures: a wood nymph a pony a shrieker a violet fungus a guardian naga hatchling a ghoul 2 giant ants a floating eye a kitten a hill orc 2 dwarf zombies 2 iguanas 7 killer bees an acid blob a coyote 2 gas spores 3 hobbits 7 giant rats a brown mold a yellow mold a green mold 3 gnomes 9 geckos 11 jackals 3 foxes 2 kobolds 2 goblins 6 grid bugs a bat 3 lichens 7 newts 86 creatures vanquished. Voluntary challenges: You used a wielded weapon 72 times. You read items or engraved 1 time. You put on armor 1 time. You were wearing only orcish armor. You never genocided any monsters. You never polymorphed an object. You never changed form. You used no wishes. You never wrote Elbereth's name. You never encountered a bones level. You never used any Sokoban shortcuts. Dungeon overview: The Dungeons of Doom: levels 1 to 5 Level 1 a sink a long staircase Level 2 a delicatessen, an altar to Set Level 3 some fountains a long staircase Level 5 <- You were here many fountains History has recorded: On T:1 you entered the Dungeons of Doom to retrieve the Amulet of Yendor! On T:332 you reached level 2 of The Dungeons of Doom. On T:385 you advanced to experience level 2. On T:635 you advanced to experience level 3. On T:1422 you advanced to experience level 4. On T:1499 you advanced to experience level 5. On T:1828 you received Cleaver from Set. On T:1913 you reached level 3 of The Dungeons of Doom. On T:2392 you reached level 4 of The Dungeons of Doom. On T:2620 you advanced to experience level 6. On T:2961 you reached level 5 of The Dungeons of Doom. On T:2993 you advanced to experience level 7. Latest messages: Your clumsy kick does no damage. The water demon hits! (2x) The water demon bites! The water demon hits! (2x) The water demon bites! [HP-10=15] The crossbow bolt misses the water demon. The water demon picks up 3 crossbow bolts. The crossbow bolt misses the water demon. The water demon hits! (2x) The water demon bites! The water demon picks up a crossbow bolt. [HP-5=10] The crossbow bolt misses the water demon. [HP+1=11] The crossbow bolt misses the water demon. The water demon hits! (2x) The water demon bites! [HP-7=4] You see here a statue of a plains centaur. The water demon hits! (2x) You die... Final status: Goodbye Celery the Barbarian... You died in The Dungeons of Doom on dungeon level 5 with 2807 points, and 570 pieces of gold, after 3242 moves. You were level 7 with a maximum of 77 hit points when you died.